 Dungeon Crawl Stone Soup version 0.25-a0-737-g26c3a87c45 (webtiles) character file.

Game seed: 11282243507464917362, levelgen mode: deterministic

7 BowlsofSteal the Skirmisher (level 2, 0/28 HPs)
             Began as a Naga Wanderer on Apr 12, 2020.
             Slain by a frilled lizard (3 damage)
             ... on level 1 of the Dungeon.
             The game lasted 00:01:31 (250 turns).

BowlsofSteal the Skirmisher (Naga Wanderer)          Turns: 250, Time: 00:01:32

Health: 0/28       AC:  4    Str: 12    XL:     2   Next: 0%
Magic:  3/3        EV:  9    Int: 12    God:
Gold:   15         SH:  0    Dex: 12    Spells: 3/3 levels left

rFire    . . .     SeeInvis +   a - +0 spear
rCold    . . .     Gourm    .   (no shield)
rNeg     . . .     Faith    .   b - +2 leather armour
rPois    +         Spirit   .   (no helmet)
rElec    .         Reflect  .   (no cloak)
rCorr    .         Harm     .   (no gloves)
MR       .....                  (no barding)
Stlth    ++........             (no amulet)
HPRegen  0.09/turn              (no ring)
MPRegen  0.08/turn              (no ring)

@: very slow
A: large, see invisible, deformed body, poison resistance, slowness 2, slow
metabolism 1, spit poison 1, AC +0
a: Spit Poison


You were on level 1 of the Dungeon.
You were not hungry.

You visited 1 branch of the dungeon, and saw 1 of its levels.

You collected 15 gold pieces.

Inventory:

Hand Weapons
 a - a +0 spear (weapon)
 d - a +0 dagger
 e - a +0 hunting sling
Missiles
 g - 29 arrows
Armour
 b - a +2 leather armour (worn)
Potions
 c - a potion of curing
Comestibles
 f - 3 rations
 h - a chunk of flesh


   Skills:
 + Level 3.3 Fighting
 + Level 1.7 Dodging
 + Level 3.0 Stealth
 + Level 1.0 Spellcasting
   Level 2.0 Ice Magic


You had 3 spell levels left.
You didn't know any spells.
Your spell library was empty.

Dungeon Overview and Level Annotations

Branches:
Dungeon (1/15)

Altars:


Innate Abilities, Weirdness & Mutations

You cannot wear boots.
Your serpentine skin is tough. (AC +0)
You have supernaturally acute eyesight. (SInv)
Armour fits poorly on your strangely shaped body.
Your system is resistant to poisons. (rPois)
You cover ground very slowly.
You have a slow metabolism.
You can spit poison.


Message History

The hobgoblin hits you but does no damage.
You hit the hobgoblin.
The hobgoblin is almost dead.
The frilled lizard bites you but does no damage.
The hobgoblin hits you.
* * * LOW HITPOINT WARNING * * *
You hit the hobgoblin but do no damage.
The hobgoblin is almost dead.
The frilled lizard bites you but does no damage.
The hobgoblin hits you.
* * * LOW HITPOINT WARNING * * *
You barely miss the hobgoblin.
The hobgoblin is almost dead.
The frilled lizard completely misses you.
The hobgoblin hits you.
* * * LOW HITPOINT WARNING * * *
You barely miss the hobgoblin.
The hobgoblin is almost dead.
The frilled lizard bites you.
You die...

######.. #....#.♣
.....#.##♣♣♣ ###
##.#......... #..
..#.#.....##
.######.#####.#.......'.
............÷.#g#.....##
######........@l)......
#...........###.####
####.#.##.######
#........>.....
#####..#.######
#..#.....###
#..#####.#.. #..# #.#.#
#..# #.#.#


You could see a hobgoblin and a frilled lizard.

Vanquished Creatures
  2 hobgoblins (D:1)
  A ball python (D:1)
  A bat (D:1)
  2 kobolds (D:1)
  A rat (D:1)
7 creatures vanquished.

Notes
Turn   | Place    | Note
-------+----------+-------------------------------------------
     0 | D:1      | BowlsofSteal the Naga Wanderer began the quest for the Orb.
     0 | D:1      | BowlsofSteal set off with the following items: a +0 spear,
                  | a +2 leather armour, a potion of curing, a +0 dagger, a
                  | ration
     0 | D:1      | Reached XP level 1. HP: 21/21 MP: 2/2
   243 | D:1      | Reached XP level 2. HP: 18/28 MP: 3/3
   250 | D:1      | Slain by a frilled lizard

Levels and vault maps discovered:
D:1:      dpeg_arrival_renting, layout_basic, serial_forest,
          infiniplex_forest_zigzag_1, infiniplex_forest_end_2,
          infiniplex_forest_lined_3, infiniplex_forest_join,
          infiniplex_forest_straight_5, infiniplex_forest_clump_tiny

Action                   || total
-------------------------++-------
Melee: Spear             ||    49
Armor: Leather armour    ||    11
Dodge: Dodged            ||    20

Table legend:
 A = Non-vault XP
 B = Vault XP
 C = Vault XP percentage of total XP
 D = Non-vault monster count
 E = Vault monster count
 F = Vault count percentage of total count
                 A         B        C        D         E       F
            +---------+---------+-------+---------+---------+-------
      Total |      10 |       0 |   0.0 |       7 |       0 |   0.0
            +---------+---------+-------+---------+---------+-------
        D:1 |      10 |       0 |   0.0 |       7 |       0 |   0.0
            +---------+---------+-------+---------+---------+-------
